Map: Catalyst LE

Players

Bombs

  • Race: Zerg Zerg
  • Spawn Location: 11:00

A.I. 1 (Elite) - Winner!

  • Race: Terran Terran
  • Spawn Location: 5:00

VOD

Have the link to the VOD?

Description

Time

  • Played on: April 18, 2018, 8:26 p.m.
  • Length: 12:44
Show
View Real Time Build Order
Export as new Build Order

Bombs Zerg 

Build Orders: Hatch First 

Get SALT Encoding   

  12  0:01  Drone  
  13  0:13  Overlord  
  13  0:17  Drone  
  14  0:31  Drone x2  
  16  0:36  Drone  
  17  0:54  Hatchery  
  16  0:58  Drone  
  17  1:11  Spawning Pool  
  17  1:14  Drone  
  17  1:18  Extractor  
  16  1:20  Drone  
  16  1:22  Drone  
  18  1:29  Drone  
  19  1:41  Overlord  
  21  2:09  Queen x2  
  21  2:10  Zergling x4  
  21  2:14  Drone x2  
  27  2:18  Drone  
  28  2:23  Drone  
  28  2:25  Metabolic Boost  
  28  2:28  Drone  
  30  2:33  Drone  
  31  2:43  Drone  
  32  2:48  Overlord  
  32  2:51  Drone  
  33  2:56  Drone  
  34  3:00  Pneumatized Carapace  
  34  3:02  Drone  
  35  3:06  Drone  
  35  3:11  Drone  
  37  3:17  Drone  
  38  3:22  Overlord  
  38  3:23  Drone x4  
  38  3:24  Drone  
  43  3:35  Drone  
  43  3:38  Hatchery  
  43  3:39  Drone  
  43  3:41  Drone  
  45  3:46  Drone x2  
  47  3:54  Baneling Nest  
  46  3:55  Overlord  
  46  3:57  Drone x5  
  51  4:08  Zergling x2  
  52  4:13  Overlord x2  
  52  4:16  Zergling x2  
  53  4:21  Zergling x2  
  54  4:25  Zergling x2  
  54  4:26  Zergling x6  
  54  4:30  Zergling x4  
  60  4:31  Zergling x2  
  60  4:34  Zergling x2  
  62  4:44  Baneling x5  
  62  4:45  Baneling x2  
  62  4:46  Zergling x4  
  64  4:55  Queen  
  64  4:57  Lair  
  66  5:03  Zergling x10, Evolution Chamber x2  
  69  5:11  Extractor  
  69  5:12  Extractor  
  67  5:16  Drone x7  
  67  5:19  Overlord  
  74  5:36  Drone  
  74  5:37  Overlord, Drone  
  74  5:40  Drone x7  
  74  5:41  Drone  
  84  5:44  Drone x2  
  84  5:48  Zerg Missile Weapons Level 1  
  86  5:53  Zerg Ground Armor Level 1  
  86  6:11  Extractor x2  
  85  6:14  Extractor  
  85  6:15  Hydralisk Den  
  85  6:18  Drone x11  
  85  6:19  Drone x4  
  85  6:22  Overlord  
  97  6:27  Hatchery  
  96  6:40  Overlord  
  96  6:41  Centrifical Hooks, Overlord x2  
  96  6:47  Grooved Spines  
  96  6:48  Zergling x18  
  105  7:03  Zergling x10  
  105  7:04  Zergling x2  
  105  7:05  Overlord  
  111  7:14  Zergling x4  
  113  7:27  Hydralisk x10  
  133  7:39  Overlord x3  
  133  7:41  Queen  
  135  7:44  Hydralisk  
  135  7:45  Hydralisk x3  
  143  7:57  Hydralisk x6  
  155  7:59  Muscular Augments  
  155  8:00  Hydralisk  
  155  8:01  Hydralisk x4  
  165  8:05  Hydralisk  
  167  8:14  Overlord x4  
  167  8:23  Zerg Missile Weapons Level 2  
  167  8:25  Zergling x2  
  168  8:32  Overlord  
  168  8:35  Zergling x22  
  168  8:38  Zerg Ground Armor Level 2  
  145  9:01  Hydralisk x10  
  163  9:10  Hydralisk x4  
  171  9:17  Zergling x16  
  171  9:21  Baneling  
  171  9:22  Baneling x7  
  171  9:23  Baneling  
  179  9:24  Baneling  
  179  9:26  Baneling  
  179  9:36  Zergling x4  
  179  9:37  Zergling x12  
  179  9:38  Overlord  
  187  9:39  Overlord  
  187  9:40  Overlord x2  
  187  9:42  Hydralisk x5  
  197  9:46  Zergling x2  
  198  9:53  Baneling x8  
  198  9:55  Baneling  
  198  9:56  Baneling  
  198  9:58  Baneling  
  198  9:59  Baneling  
  178  10:57  Infestation Pit  
  171  11:13  Drone x3  
  171  11:14  Drone x6  
  171  11:15  Drone  
  171  11:17  Extractor  
  177  11:19  Extractor  
  176  11:38  Hatchery  
  175  11:44  Hatchery  
  175  11:46  Hatchery  
  171  12:29  Extractor  
  170  12:32  Extractor  
Show
View Real Time Build Order
Export as new Build Order

A.I. 1 (Elite) Terran - Winner!

Build Orders: Bio Tank 

Get SALT Encoding   

  12  0:00  SCV  
  13  0:13  SCV  
  14  0:18  Supply Depot  
  14  0:25  SCV  
  15  0:30  Refinery  
  15  0:40  SCV  
  16  0:48  Barracks  
  16  0:52  SCV  
  17  1:04  SCV  
  17  1:08  Supply Depot  
  18  1:16  SCV  
  19  1:28  SCV  
  20  1:37  Marine  
  20  1:38  Factory  
  21  1:44  Barracks  
  21  1:45  SCV  
  22  1:55  Marine  
  22  1:57  SCV  
  24  2:02  Supply Depot  
  24  2:10  SCV  
  24  2:13  Marine  
  26  2:22  SCV, Factory Tech Lab  
  27  2:30  Marine  
  27  2:34  SCV  
  27  2:36  Marine  
  30  2:41  Siege Tank  
  33  2:46  SCV  
  34  3:07  SCV, Command Center  
  35  3:19  Orbital Command, Refinery  
  35  3:29  Marine  
  35  3:32  Marine  
  37  3:44  SCV  
  37  3:47  Marine  
  37  3:48  Supply Depot  
  39  3:57  Barracks  
  39  4:05  Barracks Tech Lab  
  39  4:09  SCV, Marine  
  41  4:16  Starport  
  41  4:19  SCV  
  41  4:21  SCV  
  43  4:28  Barracks Tech Lab  
  43  4:30  Marine  
  43  4:31  SCV  
  45  4:34  SCV  
  45  4:37  Stimpack  
  46  4:43  SCV  
  47  4:46  SCV, Combat Shields  
  47  4:48  Marine  
  49  4:53  Marine  
  49  4:55  SCV, Marine  
  49  4:58  SCV  
  53  5:05  Marine  
  54  5:07  SCV  
  54  5:08  Refinery  
  54  5:10  SCV  
  54  5:13  Marauder, Supply Depot  
  58  5:19  SCV, Engineering Bay  
  59  5:24  Marauder, SCV  
  62  5:31  Orbital Command, Refinery  
  62  5:34  Marauder  
  64  5:36  SCV  
  64  5:37  Supply Depot  
  65  5:45  Marauder  
  65  5:47  Terran Infantry Weapons Level 1  
  65  5:48  SCV  
  68  5:56  Marauder  
  70  6:01  SCV  
  70  6:02  SCV, Supply Depot  
  72  6:07  Marauder  
  74  6:13  SCV  
  74  6:14  SCV  
  74  6:16  Barracks Reactor, Engineering Bay  
  74  6:17  Marauder  
  78  6:24  Siege Tank  
  78  6:25  SCV  
  82  6:26  Supply Depot  
  82  6:27  Command Center  
  82  6:28  Marauder  
  84  6:37  SCV x2  
  86  6:40  Concussive Shells  
  86  6:42  Terran Infantry Armor Level 1  
  86  6:49  Marauder, SCV  
  86  6:51  Supply Depot  
  86  6:52  Marauder  
  91  6:55  Missile Turret  
  91  6:56  Siege Tank  
  91  6:57  Missile Turret  
  94  7:04  Starport Reactor, Barracks  
  94  7:12  Marine x2  
  94  7:14  Supply Depot  
  96  7:21  Missile Turret  
  96  7:23  Marauder  
  96  7:28  Siege Tank  
  101  7:35  Factory  
  101  7:36  Marauder  
  103  7:37  Supply Depot  
  103  7:39  SCV  
  103  7:40  Medivac, SCV x2  
  108  7:52  SCV x3, Missile Turret  
  111  7:59  Missile Turret  
  111  8:00  Widow Mine, Medivac  
  111  8:04  SCV  
  111  8:05  SCV  
  117  8:06  Orbital Command, Supply Depot  
  117  8:11  Medivac  
  119  8:16  SCV  
  119  8:17  SCV  
  119  8:19  Widow Mine, Missile Turret  
  123  8:21  Siege Tank  
  126  8:28  SCV  
  126  8:29  SCV  
  126  8:31  SCV, Supply Depot  
  129  8:40  Widow Mine, SCV, Armory  
  132  8:41  SCV  
  132  8:43  SCV, Missile Turret  
  132  8:44  Marine  
  132  8:45  Marine  
  132  8:46  Marine  
  132  8:47  Marine  
  128  8:49  Marine  
  128  8:54  Siege Tank  
  99  9:02  Hellion, Marine x2  
  89  9:04  Marine  
  89  9:06  Marauder  
  89  9:07  Marine  
  94  9:19  Marine  
  94  9:20  Marine  
  94  9:22  Marine  
  94  9:23  Hellion  
  99  9:24  Marine  
  99  9:26  Siege Tank  
  99  9:27  Terran Infantry Weapons Level 2, Marauder  
  105  9:32  Refinery  
  105  9:37  Marine  
  105  9:38  Marine  
  106  9:39  Marine  
  106  9:42  Medivac, Marine  
  106  9:44  Hellion  
  113  9:46  Supply Depot  
  113  9:48  Terran Vehicle Weapons Level 1, Marine  
  113  9:50  Refinery  
  114  9:55  Marine  
  114  9:56  Marine  
  114  9:58  Siege Tank  
  119  10:06  Hellion, Marauder  
  123  10:12  SCV  
  123  10:13  SCV, Marauder  
  127  10:15  Armory  
  127  10:17  Supply Depot  
  127  10:23  Starport, Command Center  
  127  10:27  Widow Mine  
  127  10:28  Marauder  
  131  10:30  Siege Tank  
  131  10:34  Marine x2  
  131  10:35  Marauder  
  125  10:36  Marine  
  91  10:48  Factory Tech Lab  
  91  10:49  Marauder  
  91  10:52  Medivac, Marine x2  
  91  10:54  Marine  
  91  10:56  Marauder  
  97  10:58  Command Center  
  97  10:59  Starport Tech Lab  
  97  11:02  Siege Tank  
  85  11:07  Hellion  
  85  11:10  Marauder  
  55  11:21  Marine  
  55  11:23  Marine  
  55  11:24  Marine  
  51  11:26  Marine  
  51  11:28  Hellion  
  51  11:29  SCV  
  51  11:30  SCV  
  51  11:31  Marine  
  57  11:34  Siege Tank  
  57  11:39  Marauder  
  61  11:41  SCV, Marine  
  61  11:42  SCV, Marine  
  61  11:44  Marine  
  64  11:47  Command Center  
  64  11:50  Hellion, Marauder  
  64  11:53  SCV  
  58  11:55  SCV  
  58  11:58  Marine  
  58  12:00  Marine x2  
  60  12:05  SCV  
  61  12:09  Marine  
  61  12:11  Marauder  
  61  12:13  Command Center  
  65  12:20  Marauder  
Tags
 
Composition
Bio Tank
Matchup
TvZ
Spawn Locations
Cross Positions
Add a new tag
Caveats
  • Supply blocks, unpowered buildings, or Contaminate may cause inaccurate times.
  • Supply counts are checked every 10 seconds.